 Dungeon Crawl Stone Soup version 0.21.1-1-g345015f (webtiles) character file.

646 teukkam the Skirmisher (level 7, 0/62 HPs)
             Began as a Minotaur Fighter on Feb 22, 2018.
             Was a Follower of Ashenzari.
             Succumbed to Tramtrist's ghost's poison
             ... on level 4 of the Dungeon.
             The game lasted 00:12:18 (3154 turns).

teukkam the Skirmisher (Minotaur Fighter)           Turns: 3154, Time: 00:12:18

Health: 0/62       AC: 10    Str: 22    XL:     7   Next: 27%
Magic:  6/6        EV:  6    Int:  5    God:    Ashenzari [*.....]
Gold:   91         SH: 10    Dex: 10    Spells: 6/6 levels left

rFire    . . .     SeeInvis .   a - +2 hand axe (chop)
rCold    . . .     Gourm    .   c - +0 shield
rNeg     . . .     Faith    .   n - +0 chain mail
rPois    .         Spirit   .   (helmet restricted)
rElec    .         Reflect  .   (no cloak)
rCorr    .         Harm     .   (no gloves)
MR       .....                  (no boots)
Stlth    ..........             (no amulet)
HPRegen  0.20/turn              (no ring)
MPRegen  0.10/turn              (no ring)

@: lethally poisoned (0 -> -22), berserk cooldown, slowed, very slow
A: retaliatory headbutt, horns 2
a: Curse Item, Scrying, Renounce Religion


You were on level 4 of the Dungeon.
You worshipped Ashenzari.
Ashenzari was aware of your devotion.
You were hungry.

You visited 1 branch of the dungeon, and saw 4 of its levels.

You collected 91 gold pieces.

Inventory:

Hand Weapons
 a - a +2 hand axe of chopping (weapon)
 b - a +0 hunting sling
 d - a +0 war axe
Missiles
 h - 9 poisoned needles
 q - 43 stones (quivered)
Armour
 c - a +0 shield (worn)
 n - a +0 chain mail (worn)
Wands
 r - a wand of enslavement (9)
Scrolls
 e - 4 scrolls of remove curse
 g - 3 scrolls of teleportation {unknown}
 j - 2 scrolls of identify {unknown}
 l - 2 scrolls of enchant armour {unknown}
 o - 2 scrolls of random uselessness {unknown}
 s - a scroll of fear {unknown}
 t - a scroll of magic mapping {unknown}
Potions
 i - a potion of berserk rage
 k - a potion of heal wounds {unknown}
 m - 2 potions of lignification {unknown}
 p - 2 potions of haste {unknown}
Comestibles
 f - 5 rations
 u - 2 chunks of flesh


   Skills:
 + Level 5.7 Fighting
 + Level 5.1 Axes
 + Level 2.4 Slings
 + Level 5.7 Armour
 + Level 5.7 Shields


You had 6 spell levels left.
You didn't know any spells.

Dungeon Overview and Level Annotations

Branches:
Dungeon (4/15)             Temple (0/1) D:4

Altars:
Ashenzari
Cheibriados
Sif Muna
Uskayaw


Innate Abilities, Weirdness & Mutations

You reflexively headbutt those who attack you in melee.
You have a pair of horns on your head.


Message History

You feel very sick.
You are too berserk!
* * * LOW HITPOINT WARNING * * *
You feel sick.
You feel a strong urge to attack something.
* * * LOW HITPOINT WARNING * * *
You feel sick.
Found 27 stones.
* * * LOW HITPOINT WARNING * * *
You feel sick.
Found an uncursed chain mail.
You see here a stone.
You feel your anger nearly subside.
You are no longer berserk.
You are exhausted.
You feel yourself slow down.
* * * LOW HITPOINT WARNING * * *
You feel sick.
* * * LOW HITPOINT WARNING * * *
You feel very sick.
You die...

#.# #.######## #.#
#.######## #.#
#.###⌠.⌠###### #(#
#.###.>.'....# #.#
#.###⌠.⌠####.# #.#
#.######## #.# #.# #.
#.##########.####.###.###
#. #.# #.....@..(..(...#
#. ###.###
#.#########.#.#.#. #.
#.....# #.# [. .. ##.
#.#.#.# #.#.# ## #.###..
....#.# #.#.# #####......
..###.# #.#.# ......##..
......# #.#.# #........
.###### #.#.# #.......#
.# #.#.# #.......#


There were no monsters in sight!

Vanquished Creatures
  The ghost of Tramtrist the Covert, a novice OpAs (D:4)
  A crimson imp (D:4)
  An orc priest (D:3)
  2 orc wizards
  2 worker ants (D:4)
  A howler monkey zombie (D:2)
  7 gnolls
  A howler monkey skeleton (D:2)
  5 adders
  An ooze (D:4)
  An adder zombie (D:2)
  4 worms
  2 leopard geckos (D:4)
  6 orcs
  4 bats
  A bat skeleton (D:2)
  4 giant cockroaches
  4 goblins
  8 hobgoblins
  6 jackals
  2 quokkas (D:3)
  A ball python (D:2)
  A frilled lizard (D:2)
  A giant cockroach zombie (D:2)
  A jackal skeleton (D:4)
  7 kobolds
  2 quokka skeletons (D:2)
  3 rats
80 creatures vanquished.

Notes
Turn   | Place    | Note
-------+----------+-------------------------------------------
     0 | D:1      | teukkam the Minotaur Fighter began the quest for the Orb.
     0 | D:1      | Reached XP level 1. HP: 19/19 MP: 0/0
    53 | D:1      | You fall through a shaft!
    62 | D:2      | Reached XP level 2. HP: 10/27 MP: 1/1
   359 | D:2      | Found a faded altar of an unknown god.
   416 | D:2      | Reached XP level 3. HP: 23/33 MP: 2/2
   519 | D:2      | Became a worshipper of Ashenzari the Shackled
   519 | D:2      | Reached * piety under Ashenzari
   746 | D:2      | Found a deep blue altar of Sif Muna.
   973 | D:2      | Reached XP level 4. HP: 40/40 MP: 3/3
  1596 | D:3      | Found a snail-covered altar of Cheibriados.
  1662 | D:3      | Reached XP level 5. HP: 35/47 MP: 4/4
  2402 | D:3      | Found a hide-covered altar of Uskayaw.
  2518 | D:4      | Reached skill level 5 in Armour
  2518 | D:4      | Reached skill level 5 in Shields
  2519 | D:4      | Reached skill level 5 in Fighting
  2549 | D:4      | Reached XP level 6. HP: 41/56 MP: 5/5
  2578 | D:4      | Reached skill level 1 in Slings
  3123 | D:4      | Found a staircase to the Ecumenical Temple.
  3132 | D:4      | Noticed Tramtrist's ghost (novice OpAs)
  3148 | D:4      | Killed Tramtrist's ghost
  3148 | D:4      | Reached skill level 5 in Axes
  3148 | D:4      | Reached XP level 7. HP: 18/62 MP: 6/6
  3153 | D:4      | HP: 3/62 [poisoned by Tramtrist's ghost]
  3154 | D:4      | Succumbed to Tramtrist's ghost's poison

Skill      XL: |  1  2  3  4  5  6 |
---------------+-------------------+-----
Armour         | 4 5 |  5.7
Fighting       | 4 5 |  5.7
Shields        | 4 5 |  5.7
Axes           | 3 4 5 |  5.1
Slings         | 2 |  2.4

Action                   |  1- 3 |  4- 6 |  7- 9 || total
-------------------------+-------+-------+-------++-------
Melee: War axe           |    84 |   139 |       ||   223
       Headbutt          |    12 |    30 |       ||    42
       Hand axe          |       |    19 |       ||    19
 Fire: Hunting sling     |       |     7 |       ||     7
Throw: Stone             |       |     1 |       ||     1
  Use: Potion            |       |     2 |       ||     2
  Eat: Chunk             |       |     7 |       ||     7
Armor: Scale mail        |    40 |    38 |       ||    78
       Chain mail        |       |    44 |       ||    44
Dodge: Dodged            |    18 |    31 |       ||    49
Block: Shield            |    46 |    80 |       ||   126
